 Dungeon Crawl Stone Soup version 0.18.1-8-gdd0e5ea (webtiles) character file.

268 georgeearnest the Ducker (level 6, -2/47 HPs)
             Began as a Demonspawn Gladiator on May 24, 2016.
             Was an Initiate of Dithmenos.
             Killed from afar by an orc wizard (6 damage)
             ... with a puff of flame
             ... on level 4 of the Dungeon.
             The game lasted 00:08:01 (3885 turns).

georgeearnest the Ducker (Demonspawn Gladiator)     Turns: 3885, Time: 00:08:02

Health: -2/47      AC:  5    Str: 18    XL:     6   Next: 1%
Magic:  6/6        EV: 15    Int:  9    God:    Dithmenos [......]
Gold:   143        SH:  0    Dex: 13    Spells: 0 memorised, 5 levels left

rFire  . . .     SeeInvis .     a - +0 war axe
rCold  . . .     Gourm    .     b - +0 leather armour
rNeg   . . .     Faith    .     (no shield)
rPois  .         Spirit   .     c - +0 helmet
rElec  .         Dismiss  .     (no cloak)
rCorr  .         Reflect  .     (no gloves)
SustAt .         Harm     .     p - +0 pair of boots
MR     .....                    (no amulet)
Stlth  +++.......               (no ring)
                                (no ring)

@: not resistant to hostile enchantments, fairly stealthy
A: talons 1, repulsion field 1, nightstalker 1, rot immunity
a: Renounce Religion


You were on level 4 of the Dungeon.
You worshipped Dithmenos.
Dithmenos was noncommittal.
You were hungry.

You visited 1 branch of the dungeon, and saw 4 of its levels.

You collected 143 gold pieces.

Inventory:

Hand Weapons
 a - a +0 war axe (weapon)
Missiles
 d - 3 throwing nets (quivered)
Armour
 b - a +0 leather armour (worn)
 c - a +0 helmet (worn)
 p - a +0 pair of boots (worn)
Wands
 m - a wand of random effects (15/48)
Scrolls
 e - 3 scrolls of enchant armour {unknown}
 i - a scroll of magic mapping {unknown}
 l - 2 scrolls of teleportation {unknown}
 n - 3 scrolls of identify {unknown}
 r - 2 scrolls of remove curse {unknown}
 u - a scroll of fog {unknown}
Potions
 k - 2 potions of ambrosia
Books
 q - a book of Battle

   Spells                             Type                      Level
   a - Infusion                       Charms                       1
   b - Shroud of Golubria             Charms/Translocation         2
   c - Song of Slaying                Charms                       2
   d - Spectral Weapon                Hexes/Charms                 3
   e - Regeneration                   Charms/Necromancy            3
Comestibles
 f - a bread ration
 g - a royal jelly
 j - 2 meat rations


   Skills:
 + Level 3.0 Fighting
 + Level 3.8 Axes
 + Level 1.7 Throwing
 + Level 2.4 Armour
 + Level 3.9 Dodging
 + Level 1.5 Stealth


You had 5 spell levels left.
You didn't know any spells.

Dungeon Overview and Level Annotations

Branches:
Dungeon (4/15)             Temple (0/1) D:4

Altars:
Dithmenos
Fedhas
Kikubaaqudgha
Makhleb


Innate Abilities, Weirdness & Mutations

You have sharp toenails.
You are surrounded by a mild repulsion field (EV +2).
You are slightly more attuned to the shadows.
You are immune to rotting.


Message History

It was a potion of curing.
You feel better.
You float gracefully downwards.
You hear some strange, mumbled words.
A puff of flame appears from out of thin air!
The puff of flame hits you!
* * * LOW HITPOINT WARNING * * *
The orc completely misses you. Something hits you but does no damage.
The orc throws a tomahawk.
The tomahawk hits you.
* * * LOW HITPOINT WARNING * * *
You see here a tomahawk.
Throwing (i - inventory):
d - 4 throwing nets (quivered)
Press: ? - help, Shift-Dir - straight line, f - orc
Aim: an orc, wielding a trident You throw a throwing net.
Something gets caught in the net!
Something wriggles in the net.
The orc throws a tomahawk.
Something wriggles in the net.
You hear some strange, mumbled words.
A puff of flame appears from out of thin air!
The puff of flame hits you!
You die...

#
#.##.#.....
#..#.8.#...
#..?...###
##8.>.8#
#.....#
##.8.##
###.#
#######.#
#.(@..).#
#{#######
#.# #o# #o#
#.# #.# #.#


There were no monsters in sight!

Vanquished Creatures
  A giant frog (D:4)
  A hound (D:4)
  An iguana (D:4)
  A worker ant (D:4)
  6 adders
  An ooze (D:3)
  An adder zombie (D:4)
  3 worms
  A giant gecko (D:3)
  An orc (D:4)
  5 bats
  3 giant cockroaches
  10 goblins
  8 hobgoblins
  A quokka (D:3)
  4 giant newts
  5 kobolds
  5 rats
58 creatures vanquished.

Notes
Turn   | Place    | Note
--------------------------------------------------------------
     0 | D:1      | georgeearnest the Demonspawn Gladiator began the quest for the Orb.
     0 | D:1      | Reached XP level 1. HP: 16/16 MP: 1/1
   348 | D:1      | Gained mutation: You have sharp toenails. [demonic ancestry]
   348 | D:1      | Reached XP level 2. HP: 21/22 MP: 2/2
  1157 | D:2      | Reached XP level 3. HP: 20/28 MP: 3/3
  1312 | D:2      | Found an ancient bone altar of Kikubaaqudgha.
  1312 | D:2      | Found a blossoming altar of Fedhas.
  1781 | D:2      | Reached skill level 1 in Armour
  2265 | D:3      | Found a shadowy altar of Dithmenos.
  2302 | D:3      | Gained mutation: You are slightly more attuned to the shadows. [demonic ancestry]
  2302 | D:3      | Reached XP level 4. HP: 27/34 MP: 4/4
  2375 | D:3      | Became a worshipper of Dithmenos the Shadowed
  3176 | D:3      | Found a burning altar of Makhleb.
  3623 | D:4      | Noticed a giant frog
  3630 | D:4      | Killed a giant frog
  3630 | D:4      | Gained mutation: You are surrounded by a mild repulsion field (EV +2). [demonic ancestry]
  3630 | D:4      | Reached XP level 5. HP: 40/40 MP: 5/5
  3772 | D:4      | Noticed a phantom
  3793 | D:4      | Reached skill level 1 in Stealth
  3839 | D:4      | Found a staircase to the Ecumenical Temple.
  3855 | D:4      | Gained mutation: You are immune to rotting. [demonic ancestry]
  3855 | D:4      | Reached XP level 6. HP: 40/47 MP: 6/6
  3885 | D:4      | Killed from afar by an orc wizard

Skill      XL: |  1  2  3  4  5 |
---------------+----------------+-----
Axes           | 3 |  3.8
Dodging        | 3 |  3.9
Armour         | 1 2 |  2.4
Fighting       | 3 |  3.0
Stealth        | 1 |  1.5
Throwing       | |  1.7

Action                   |  1- 3 |  4- 6 || total
-------------------------+-------+-------++-------
Melee: War axe           |   109 |   120 ||   229
       Kick              |    21 |       ||    21
Throw: Throwing net      |       |     1 ||     1
  Use: Potion            |     2 |     4 ||     6
 Stab: Sleeping          |       |     3 ||     3
  Eat: Bread ration      |     1 |     1 ||     2
Armor: Leather armour    |    54 |    32 ||    86
Dodge: Dodged            |   116 |   108 ||   224
